 Dungeon Crawl Stone Soup version 0.29-a0-565-g7a16c6de65 (webtiles) character file.

Game seed: 14522383217852107475

89 Malachi the Slasher (level 4, 0/35 HPs)
             Began as a Demonspawn Fighter on June 12, 2022.
             Slain by a goblin
             ... wielding a +0 club
             ... led by Robin
              (1 damage)
             ... on level 3 of the Dungeon.
             The game lasted 00:02:45 (2278 turns).

Malachi the Slasher (Demonspawn Fighter)            Turns: 2278, Time: 00:02:46

Health: 0/35       AC: 15    Str: 16    XL:     4   Next: 31%
Magic:  4/4        EV:  4    Int: 11    God:
Gold:   106        SH:  4    Dex: 13    Spells: 3/3 levels left

rFire   + . .      SeeInvis .   a - +0 long sword
rCold   . . .      Faith    .   c - +0 buckler
rNeg    . . .      Spirit   .   q - +0 plate armour
rPois   .          Reflect  .   p - +0 helmet
rElec   .          Harm     .   n - +0 cloak
rCorr   .          Rampage  .   (no gloves)
Will    .....                   (no boots)
Stlth   ..........              (no amulet)
HPRegen 0.11/turn               j - ring of protection from fire
MPRegen 0.09/turn               (no ring)

@: no status effects
A: thin metallic scales 1, demonic magic 1
a: no special abilities


You were on level 3 of the Dungeon.
You visited 1 branch of the dungeon, and saw 3 of its levels.

You collected 106 gold pieces.

Inventory:

Hand Weapons
 a - a +0 long sword (weapon)
Missiles
 l - 2 poisoned darts (quivered)
Armour
 c - a +0 buckler (worn)
 n - a +0 cloak (worn)
 p - a +0 helmet (worn)
 q - a +0 plate armour (worn)
Jewellery
 b - an amulet of regeneration
 j - a ring of protection from fire (left hand)
Scrolls
 f - 4 scrolls of identify
 i - a scroll of fog
 k - a scroll of blinking {unknown}
 o - a scroll of magic mapping {unknown}
Potions
 d - a potion of might
 e - 4 potions of curing {unknown}
 g - 2 potions of brilliance {unknown}
 h - 2 potions of attraction {unknown}
 m - 2 potions of ambrosia {unknown}


   Skills:
 + Level 3.2 Fighting
 + Level 3.4 Long Blades
 + Level 3.1 Armour
 + Level 0.3 Dodging
 + Level 2.9 Shields


You had 3 spell levels left.
You didn't know any spells.
Your spell library contained the following spells:

 Spells                   Type           Power      Damage    Failure   Level
 Magic Dart               Conj           0%         1d3       100%        1
 Blink                    Tloc           0%         N/A       100%        2
 Call Imp                 Summ           0%         N/A       100%        2
 Mephitic Cloud           Conj/Pois/Air  0%         N/A       100%        3
 Freezing Cloud           Conj/Ice/Air   0%         6-21      100%        5
 Manifold Assault         Tloc           0%         N/A       100%        5
 Simulacrum               Ice/Necr       0%         N/A       100%        6
 Storm Form               Tmut/Air       0%         N/A       100%        7
 Polar Vortex             Ice            0%         N/A       100%        9


Dungeon Overview and Level Annotations

Branches:
Dungeon (3/15)

Altars:

Shops:
D:1 (

Annotations:
D:3 Robin


Innate Abilities, Weirdness & Mutations

You are partially covered in thin metallic scales. (AC +2)
Spells you cast may paralyse adjacent enemies.


Message History

The goblin completely misses you.
You closely miss the goblin.
The goblin is heavily wounded.
You block the goblin's attack. The goblin hits you with a +0 club.
The hobgoblin hits you but does no damage.
The goblin hits you but does no damage. x3
Robin roars a battlecry!
The goblins go into a battle-frenzy!
The goblin hits you with a +0 club.
The goblin hits you but does no damage. x3
The goblin hits you with a +0 dagger. The goblin hits you but does no damage.
The hobgoblin hits you but does no damage.
The goblin hits you with a +0 club.
You are too injured to fight recklessly!
You are too injured to fight recklessly!
You are too injured to fight recklessly!
You are too injured to fight recklessly!
You closely miss the goblin.
The goblin is heavily wounded.
The goblin hits you with a +0 club. You block the goblin's attack.
The goblin hits you but does no damage. x2; The hobgoblin barely misses you.
The goblin hits you but does no damage. x2; The goblin barely misses you.
You slash the goblin!
You kill the goblin!
Robin throws the goblin at you! You block the goblin's attack. x2
The hobgoblin barely misses you. The goblin hits you with a +0 club.
* * * LOW HITPOINT WARNING * * *
The goblin hits you with a +0 club.
* * * LOW HITPOINT WARNING * * *
The goblin hits you but does no damage. x3
As you read the scroll labelled DUITES SOLU, it crumbles to dust.
It is a scroll of identify.
i - a scroll of fog The goblin hits you but does no damage.
The goblin hits you with a +0 club.
* * * LOW HITPOINT WARNING * * *
You block the hobgoblin's attack. The goblin hits you with a +0 club.
* * * LOW HITPOINT WARNING * * *
The goblin hits you with a +0 dagger.
* * * LOW HITPOINT WARNING * * *
You block the goblin's attack. The goblin hits you with a +0 club.
You die...

#.......# #.......#
#..†....# #.......#
#### #.......# ...#
#.......#
##.#######.......####
...............ggg..#
#''####.....#.gg@gg.#
......#.....#..ggg..#
......#.....#...g...#
.###..#.....#...g...#
#..#..#.....#.......#
#..#..#.....#...?...#
###...#.....#.......#
......#.....#.......#
......#


You could see Robin, 2 hobgoblins and 9 goblins.

Vanquished Creatures
  An orc wizard (D:3)
  An adder (D:2)
  A dart slug (D:1)
  2 orcs (D:3)
  3 ball pythons
  3 bats
  3 endoplasms (D:1)
  A giant cockroach (D:3)
  5 hobgoblins
  6 jackals
  3 quokkas
  6 frilled lizards
  2 goblins
  5 kobolds
  7 rats
49 creatures vanquished.

Notes
Turn   | Place    | Note
-------+----------+-------------------------------------------
     0 | D:1      | Malachi the Demonspawn Fighter began the quest for the Orb.
     0 | D:1      | Reached XP level 1. HP: 18/18 MP: 1/1
    89 | D:1      | Found a faded altar of an unknown god.
   184 | D:1      | Gained mutation: Spells you cast may paralyse adjacent
                  | enemies. [demonic ancestry]
   184 | D:1      | Reached XP level 2. HP: 24/24 MP: 2/2
   365 | D:1      | Found Adgheatt's Weapon Shoppe.
  1129 | D:2      | Gained mutation: You are partially covered in thin metallic
                  | scales. (AC +2) [demonic ancestry]
  1129 | D:2      | Reached XP level 3. HP: 26/29 MP: 3/3
  2154 | D:3      | Reached XP level 4. HP: 31/35 MP: 4/4
  2270 | D:3      | Noticed Robin
  2278 | D:3      | HP: 1/35 [goblin/+0 dagger[Robin] (3)]
  2278 | D:3      | Slain by a goblin

Illustrated notes

Levels and vault maps discovered:
D:1:      evilmike_arrival_home_sweet_home, layout_loops_corners,
          shapermc_ecumenical_altar_gd, serial_shops, shop
D:2:      layout_basic
D:3:      layout_basic, glass_columns_b, kennysheep_generic_room_7, uniq_robin

Skill      XL: |  1  2  3 |
---------------+----------+-----
Long Blades    | 2 3 |  3.4
Armour         | 3 |  3.1
Fighting       | |  3.2
Dodging        | |  0.3
Shields        | |  2.9

Action                   |  1- 3 |  4- 6 || total
-------------------------+-------+-------++-------
Melee: Long sword        |   109 |    26 ||   135
  Use: Scroll            |       |     1 ||     1
Armor: Scale mail        |    39 |       ||    39
       Plate armour      |    25 |    51 ||    76
Dodge: Dodged            |    24 |     8 ||    32
Block: Buckler           |    28 |    11 ||    39

Table legend: (Time is in decaauts)
 A = Elapsed time spent in this place.
 B = Non-inter-level travel time spent in this place.
 C = Inter-level travel time spent in this place.
 D = Time resting spent in this place.
 E = Time spent auto-exploring this place.
 F = Levels seen in this place.
 G = Mean time per level.
                   A        B        C        D        E       F      G
               +--------+--------+--------+--------+--------+-----+--------+
         Total |   2319 |   2186 |    133 |      0 |   1798 |   3 |  773.0 |
       Dungeon |   2319 |   2186 |    133 |      0 |   1798 |   3 |  773.0 |
               +--------+--------+--------+--------+--------+-----+--------+

Top non-repeatable levels by time:
     D:2: 1121 daAuts
     D:1: 1017 daAuts
     D:3: 180 daAuts
